 Dungeon Crawl Stone Soup version 0.29-a0-477-g62b78b4225 (webtiles) character file.

Game seed: 8005561652248647258

181 Infinimo the Cudgeller (level 5, 0/41 HPs)
             Began as a Demonspawn Gladiator on May 24, 2022.
             Slain by Edmund
             ... wielding a +4 flail of protection
              (9 damage)
             ... on level 4 of the Dungeon.
             The game lasted 00:02:39 (3274 turns).

Infinimo the Cudgeller (Demonspawn Gladiator)       Turns: 3274, Time: 00:02:39

Health: 0/41       AC:  4    Str: 14    XL:     5   Next: 34%
Magic:  5/5        EV: 13    Int: 11    God:
Gold:   192        SH:  0    Dex: 15    Spells: 4/4 levels left

rFire   . . .      SeeInvis .   a - +0 flail
rCold   . . .      Faith    .   (no shield)
rNeg    . . .      Spirit   .   b - +0 leather armour
rPois   .          Reflect  .   c - +0 helmet
rElec   .          Harm     .   (no cloak)
rCorr   .          Rampage  .   (no gloves)
Will    .....                   (no boots)
Stlth   +.........              (no amulet)
HPRegen 0.13/turn               (no ring)
MPRegen 0.09/turn               (no ring)

@: no status effects
A: hooves 2
a: no special abilities


You were on level 4 of the Dungeon.
You visited 1 branch of the dungeon, and saw 4 of its levels.

You collected 192 gold pieces.

Inventory:

Hand Weapons
 a - a +0 flail (weapon)
Missiles
 d - 3 throwing nets (quivered)
 e - a javelin
Armour
 b - a +0 leather armour (worn)
 c - a +0 helmet (worn)
Jewellery
 g - a +6 ring of dexterity
 n - a +6 ring of strength
Scrolls
 f - a scroll of amnesia {unknown}
 h - 2 scrolls of blinking
 i - 4 scrolls of identify
 j - a scroll of fog
 k - 4 scrolls of teleportation
 m - a scroll of enchant weapon {unknown}
 o - a scroll of acquirement {unknown}
Potions
 l - a potion of curing


   Skills:
 + Level 3.2 Fighting
 * Level 4.3 Maces & Flails
 - Level 1.7 Throwing
 + Level 3.5 Dodging


You had 4 spell levels left.
You didn't know any spells.
Your spell library was empty.

Dungeon Overview and Level Annotations

Branches:
Dungeon (4/15)
 Temple: D:4-7

Altars:

Shops:
D:2 =

Annotations:
D:4 Edmund


Innate Abilities, Weirdness & Mutations

You have hoof-like feet.


Message History

HP restored.
You see here an iguana corpse.
You now have 192 gold pieces (gained 15).
o - a scroll labelled HOETOPHO VIUJE You see here 4 poisoned darts.
An orc comes into view. It is wielding a +0 whip.
The orc shouts!
An orc is nearby!
You sock the orc!
You kill the orc!
No target in view!
No target in view!
A gnoll comes into view. It is wielding a +0 club.
The gnoll shouts!
You hear a shout! x3
You see here 10 gold pieces.
A gnoll is nearby!
Edmund the Younger comes into view.
He is wielding a +4 flail of protection.
The gnoll is moderately wounded.
The gnoll is moderately wounded.
You sock the gnoll!
You kill the gnoll!
You see here a +0 club.
A gnoll comes into view. It is wielding a +0 spear.
The gnoll shouts!
Edmund hits you with a +4 flail of protection!
A gnoll comes into view. It is wielding a +0 spear of flaming.
A gnoll comes into view. It is wielding a +0 club.
The gnoll moves out of view.
You hit Edmund but do no damage.
Edmund hits you with a +4 flail of protection!
Edmund looks rather jealous.
You see here a +0 club.
Edmund attacks as you move away!
Edmund hits you with a +4 flail of protection!
* * * LOW HITPOINT WARNING * * *
You see here 10 gold pieces.
Edmund asks, "Have you met my wondrous brother?"
There is a stone staircase leading up here.
Edmund hits you with a +4 flail of protection!
You die...

#. #....# ... #.
##.#....#
#.#..###.#####(####.###
..$....................
.......#######.##...###
..#..#.####.).....###
................>.....#
#.##...........#####..
..........@@...#
.[#...gg......#
#.#g######### #
#)###### #g.....#
....g.g......#
.##.#.#......#
#.#......# # #......#


You could see Edmund and 3 gnolls.

Vanquished Creatures
  Crazy Yiuf (D:2)
  An iguana (D:4)
  2 orc wizards (D:3)
  A gnoll (D:4)
  2 adders (D:2)
  A dart slug (D:1)
  3 orcs
  3 ball pythons
  2 endoplasms
  A giant cockroach (D:2)
  5 goblins
  5 hobgoblins
  A kobold (D:1)
  5 quokkas
  2 bats (D:1)
  4 frilled lizards
  8 rats
47 creatures vanquished.

Notes
Turn   | Place    | Note
-------+----------+-------------------------------------------
     0 | D:1      | Infinimo the Demonspawn Gladiator began the quest for the
                  | Orb.
     0 | D:1      | Reached XP level 1. HP: 16/16 MP: 1/1
     2 | D:1      | Noticed a demigod
     4 | D:1      | Noticed a human
     4 | D:1      | Noticed a tengu
     6 | D:1      | Noticed a draconian
     8 | D:1      | Noticed a formicid
     8 | D:1      | Noticed a troll
    10 | D:1      | Noticed an octopode
    12 | D:1      | Noticed a vine stalker
    12 | D:1      | Noticed a merfolk
    14 | D:1      | Noticed an elf
    14 | D:1      | Noticed a dwarf
    16 | D:1      | Noticed a naga
    16 | D:1      | Noticed a felid
    18 | D:1      | Noticed a ghoul
    18 | D:1      | Noticed a vampire
    20 | D:1      | Noticed a spriggan
    22 | D:1      | Noticed an ogre
    24 | D:1      | Noticed a demonspawn
    24 | D:1      | Noticed a gargoyle
    26 | D:1      | Noticed a minotaur
    80 | D:1      | Found a faded altar of an unknown god.
   136 | D:1      | Reached skill level 3 in Maces & Flails
   192 | D:1      | Gained mutation: You have large cloven feet. [demonic
                  | ancestry]
   192 | D:1      | Reached XP level 2. HP: 20/22 MP: 2/2
   971 | D:2      | Gained mutation: You have hoof-like feet. [demonic
                  | ancestry]
   971 | D:2      | Reached XP level 3. HP: 20/28 MP: 3/3
  1076 | D:2      | Found Lifibeigh's Jewellery Emporium.
  1342 | D:2      | Found a runed translucent door.
  1343 | D:2      | Noticed Crazy Yiuf
  1951 | D:2      | Killed Crazy Yiuf
  1952 | D:2      | Reached XP level 4. HP: 16/34 MP: 4/4
  2339 | D:3      | Reached skill level 4 in Maces & Flails
  2457 | D:3      | Reached XP level 5. HP: 31/41 MP: 5/5
  3260 | D:4      | Noticed Edmund
  3274 | D:4      | Slain by Edmund

Illustrated notes

Levels and vault maps discovered:
D:1:      kb_arrival_jail, layout_rooms, nicolae_ecumenical_lake_church,
          item_on_display_a
D:2:      layout_loops_cross, serial_shops, nicolae_square_shop,
          uniq_crazy_yiuf_cottage
D:3:      layout_basic
D:4:      layout_basic, uniq_edmund

Skill      XL: |  1  2  3  4 |
---------------+-------------+-----
Maces & Flails | 3 4 |  4.3
Dodging        | 3 |  3.5
Fighting       | 3 |  3.2
Throwing       | |  1.7

Action                   |  1- 3 |  4- 6 || total
-------------------------+-------+-------++-------
Melee: Flail             |    99 |    37 ||   136
       Punch             |     3 |       ||     3
       Kick              |    14 |     5 ||    19
  Use: Scroll            |     7 |       ||     7
 Stab: Sleeping          |     1 |       ||     1
Armor: Leather armour    |    27 |    12 ||    39
Dodge: Dodged            |    82 |    14 ||    96

Table legend: (Time is in decaauts)
 A = Elapsed time spent in this place.
 B = Non-inter-level travel time spent in this place.
 C = Inter-level travel time spent in this place.
 D = Time resting spent in this place.
 E = Time spent auto-exploring this place.
 F = Levels seen in this place.
 G = Mean time per level.
                   A        B        C        D        E       F      G
               +--------+--------+--------+--------+--------+-----+--------+
         Total |   3304 |   3232 |     72 |      8 |   2879 |   4 |  826.0 |
       Dungeon |   3304 |   3232 |     72 |      8 |   2879 |   4 |  826.0 |
               +--------+--------+--------+--------+--------+-----+--------+

Top non-repeatable levels by time:
     D:2: 1203 daAuts
     D:3: 1065 daAuts
     D:1: 958 daAuts
     D:4: 77 daAuts
